 Dungeon Sprint DCSS version 0.23.1 (webtiles) character file.

Game seed: 13354632111369523653

470675 dvd the Axe Maniac (level 18, 200/200 HPs)
             Began as a Minotaur Fighter on Mar 6, 2019.
             Was the Champion of Makhleb.
             Escaped with the Orb!
             The game lasted 00:43:41 (2516 turns).

dvd the Axe Maniac (Minotaur Fighter)               Turns: 2516, Time: 00:43:41

Health: 200/200    AC: 44    Str: 35    XL:     18   Next: 74%
Magic:  30/30      EV: 36    Int: 10    God:    Makhleb [******]
Gold:   0          SH: 40    Dex: 32    Spells: 17/17 levels left

rFire    + . .     SeeInvis +   H - +14 obsidian axe {chop, +Fly SInv *Curse} (curse)
rCold    + + +     Gourm    .   J - +18 shield of the Gong {rElec rN+ MR+ EV-5}
rNeg     + + .     Faith    +   I - +15 Maxwell's patent armour {-Cast -Tele rElec MR+ rCorr}
rPois    +         Spirit   .   W - +3 hat of Pondering {ponderous, MR+ MP+10 Int+5}
rElec    +         Reflect  .   m - scarf {cloud immunity}
rCorr    +         Harm     .   q - +3 pair of gloves of Shielding {Str+2}
MR       +++++     NoTele   +   L - -3 pair of boots "Tuxtu" {Str+4 Dex+2 Slay+6} Stlth ++........NoCast +
                                X - amulet of Scepticism {Faith rF+ rN+ MR+ Dex+4}
HPRegen  0.43/turn              Y - ring of Greed {MR+ EV+4}
MPRegen  0.22/turn              N - ring "Reskog" {rPois rC+++ MP-9 Dex+6 Stlth-}

@: mighty, agile, very slightly contaminated, studying 2 skills, slow
A: retaliatory headbutt, horns 2
0: Orb of Zot
a: Minor Destruction, Lesser Servant of Makhleb, Major Destruction, Greater
Servant of Makhleb, Renounce Religion, Evoke Flight


You escaped.
You worshipped Makhleb.
Makhleb was exalted by your worship.
You were not hungry.

You visited 1 branch

Inventory:

Hand Weapons
 a - the +8 lance "Wyrmbane" {slay drac, rPois rF+ rC+ AC+3}
   (You found it in the Dungeon)

   It affects your AC (+3).
   It protects you from fire.
   It protects you from cold.
   It protects you from poison.
 c - a +5 broad axe of freezing
 H - the cursed +14 obsidian axe (weapon) {chop, +Fly SInv *Curse}
   (You found it in the Dungeon)

   It inflicts extra damage upon your enemies.
   It lets you see invisible.
   It lets you fly.
   It curses itself when equipped.
   It has a curse placed upon it.
 Z - a +3 broad axe of electrocution
Missiles
 R - 36 javelins (quivered)
Armour
 l - +9 gold dragon scales
 m - a scarf of cloud immunity (worn)
 q - the +3 pair of gloves of Shielding (worn) {Str+2}
   (You found it in the Dungeon)

   It affects your strength (+2).
 C - the -2 hat of the Alchemist {rElec rPois rF+ rC+ rN+ MR+ rMut rCorr}
   (You found it in the Dungeon)

   It protects you from fire.
   It protects you from cold.
   It insulates you from electricity.
   It protects you from poison.
   It protects you from negative energy.
   It affects your resistance to hostile enchantments.
   It provides partial protection from all sources of acid and corrosion.
   It protects you from mutation.
 G - the +4 moon troll leather armour {Spirit, Regen++ MP+5}
   (You found it in the Dungeon)

   It affects your magic capacity (+5).
   It increases your rate of regeneration.
 I - the +15 Maxwell's patent armour (worn) {-Cast -Tele rElec MR+ rCorr}
   (You found it in the Dungeon)

   It insulates you from electricity.
   It affects your resistance to hostile enchantments.
   It prevents spellcasting.
   It prevents most forms of teleportation.
   It provides partial protection from all sources of acid and corrosion.
 J - the +18 shield of the Gong (worn) {rElec rN+ MR+ EV-5}
   (You found it in the Dungeon)

   It affects your evasion (-5).
   It insulates you from electricity.
   It protects you from negative energy.
   It affects your resistance to hostile enchantments.
 K - the +1 crystal plate armour "Sebiguq" {MR+ Str+2 Int+2}
   (You acquired it in the Dungeon)

   It affects your strength (+2).
   It affects your intelligence (+2).
   It affects your resistance to hostile enchantments.
 L - the -3 pair of boots "Tuxtu" (worn) {Str+4 Dex+2 Slay+6}
   (You found it in the Dungeon)

   It affects your strength (+4).
   It affects your dexterity (+2).
   It affects your accuracy and damage with ranged weapons and melee attacks
   (+6).
 U - the +6 chain mail of Fedhas's Wrath {Regen+ rCorr Str+3 Dex-4}
   (You found it in the Dungeon)

   It affects your strength (+3).
   It affects your dexterity (-4).
   It increases your rate of regeneration.
   It provides partial protection from all sources of acid and corrosion.
 W - the +3 hat of Pondering (worn) {ponderous, MR+ MP+10 Int+5}
   (You found it in the Dungeon)

   It affects your intelligence (+5).
   It affects your resistance to hostile enchantments.
   It affects your magic capacity (+10).
Jewellery
 b - the ring of Liberty {rCorr Int+2 Dex+4}
   (You found it in the Dungeon)

   [ring of resist corrosion]

   It affects your intelligence (+2).
   It affects your dexterity (+4).
 o - an uncursed ring of stealth
 B - the amulet "Baikh" {rPois Regen+ Stlth+}
   (You found it in the Dungeon)

   [amulet of regeneration]

   It protects you from poison.
   It increases your rate of regeneration.
   It makes you more stealthy.
 D - the ring of Walec {rN+ Str+2 SInv}
   (You took it off a white draconian in the Dungeon)

   [ring of positive energy]

   It affects your strength (+2).
   It protects you from negative energy.
   It lets you see invisible.
 F - the ring "Dor Luoh" {rPois rC+ Str+3 SInv}
   (You found it in the Dungeon)

   [ring of see invisible]

   It affects your strength (+3).
   It protects you from cold.
   It protects you from poison.
   It lets you see invisible.
 M - the amulet of the Present {Acrobat rElec SInv}
   (You found it in the Dungeon)

   [amulet of the acrobat]

   It helps you evade while moving and waiting.
   It insulates you from electricity.
   It lets you see invisible.
 N - the ring "Reskog" (right hand) {rPois rC+++ MP-9 Dex+6 Stlth-}
   (You found it in the Dungeon)

   [ring of attention]

   It affects your dexterity (+6).
   It renders you almost immune to cold.
   It protects you from poison.
   It affects your magic capacity (-9).
   It makes you less stealthy.
 O - the ring "Kycist" {MR+ MP+9}
   (You found it in the Dungeon)

   [ring of magical power]

   It affects your resistance to hostile enchantments.
   It affects your magic capacity (+9).
 P - the ring of Ru's Regard {rF++ rC+ EV+4}
   (You took it off a necromancer in the Dungeon)

   [ring of evasion]

   It affects your evasion (+4).
   It greatly protects you from fire.
   It protects you from cold.
 S - the ring "Hukleif" {Str+2 Int+3 Dex+5}
   (You took it off a merfolk aquamancer in the Dungeon)

   [ring of dexterity]

   It affects your strength (+2).
   It affects your intelligence (+3).
   It affects your dexterity (+5).
 T - the ring "Beuph" {Fire rElec rPois Int-2 Dex+7}
   (You found it in the Dungeon)

   [ring of fire]

   It enhances your fire magic.
   It affects your intelligence (-2).
   It affects your dexterity (+7).
   It protects you from fire.
   It makes you vulnerable to cold.
   It insulates you from electricity.
   It protects you from poison.
 X - the amulet of Scepticism (around neck) {Faith rF+ rN+ MR+ Dex+4}
   (You found it in the Dungeon)

   [amulet of faith]

   It allows you to gain divine favour quickly.
   It affects your dexterity (+4).
   It protects you from fire.
   It protects you from negative energy.
   It affects your resistance to hostile enchantments.
 Y - the ring of Greed (left hand) {MR+ EV+4}
   (You found it in the Dungeon)

   [ring of evasion]

   It affects your evasion (+4).
   It affects your resistance to hostile enchantments.
Wands
 y - a wand of disintegration (6)
 z - a wand of iceblast (7)
 A - a wand of acid (7)
Scrolls
 k - 4 scrolls of blinking
 s - 4 scrolls of amnesia
 t - 7 scrolls of fog
 u - 2 scrolls of holy word
 v - 5 scrolls of identify
 w - 5 scrolls of remove curse
 x - 2 scrolls of fear
 Q - 6 scrolls of brand weapon
Potions
 d - a potion of might
 e - 9 potions of curing
 g - 10 potions of heal wounds
 h - 2 potions of haste
 i - 7 potions of magic
 j - 3 potions of berserk rage
 n - 2 potions of brilliance
 p - 3 potions of resistance
 r - 2 potions of agility
Books
 E - a manual of Slings
 V - a manual of Unarmed Combat
Comestibles
 f - 7 rations


   Skills:
 O Level 27 Fighting
 O Level 27 Axes
 * Level 22.5 Throwing
 * Level 25.8 Armour
 * Level 22.4 Dodging
 + Level 24.3 Stealth
 O Level 27 Shields
 + Level 16.2 Invocations
 + Level 0.2 Evocations


You had 17 spell levels left.
You didn't know any spells.
Your spell library contained the following spells:

 Spells                   Type           Power        Failure   Level  Hunger
 Animate Skeleton         Necr           N/A          67%         1    ##.....
 Apportation              Tloc           #.....       67%         1    ##.....
 Beastly Appendage        Tmut           #.....       67%         1    ##.....
 Confusing Touch          Hex            #.....       67%         1    ##.....
 Corona                   Hex            #......      67%         1    ##.....
 Flame Tongue             Conj/Fire      #....        67%         1    ##.....
 Magic Dart               Conj           #...         67%         1    ##.....
 Pain                     Necr           #...         67%         1    ##.....
 Shock                    Conj/Air       #...         67%         1    ##.....
 Sting                    Conj/Pois      #...         67%         1    ##.....
 Summon Butterflies       Summ           #.......     67%         1    ##.....
 Summon Small Mammal      Summ           #...         67%         1    ##.....
 Corpse Rot               Necr           N/A          82%         2    ###....
 Ensorcelled Hibernation  Hex/Ice        #.....       82%         2    ###....
 Passwall                 Tmut/Erth      #.......     82%         2    ###....
 Poisonous Vapours        Pois/Air       #.....       82%         2    ###....
 Searing Ray              Conj           #.....       82%         2    ###....
 Shroud of Golubria       Chrm/Tloc      #.........   82%         2    ###....
 Slow                     Hex            #.......     82%         2    ###....
 Sublimation of Blood     Necr           #.........   82%         2    ###....
 Swiftness                Chrm/Air       #.......     82%         2    ###....
 Throw Flame              Conj/Fire      #.....       82%         2    ###....
 Call Canine Familiar     Summ           #.......     96%         3    ####...
 Conjure Flame            Conj/Fire      #.......     96%         3    ####...
 Dazzling Spray           Conj/Hex       #.....       96%         3    ####...
 Gell's Gravitas          Tloc           #.........   96%         3    ####...
 Ignite Poison            Fire/Tmut/Pois #.......     96%         3    ####...
 Inner Flame              Hex/Fire       #.......     96%         3    ####...
 Mephitic Cloud           Conj/Pois/Air  #.......     96%         3    ####...
 Ozocubu's Armour         Chrm/Ice       #.......     96%         3    ####...
 Portal Projectile        Hex/Tloc       #.....       96%         3    ####...
 Recall                   Summ/Tloc      N/A          96%         3    ####...
 Regeneration             Chrm/Necr      #.........   96%         3    ####...
 Spectral Weapon          Hex/Chrm       #.......     96%         3    ####...
 Spider Form              Tmut/Pois      #.........   96%         3    ####...
 Static Discharge         Conj/Air       #.......     96%         3    ####...
 Stone Arrow              Conj/Erth      #.....       96%         3    ####...
 Teleport Other           Tloc           #.......     96%         3    ####...
 Tukima's Dance           Hex            #.......     96%         3    ####...
 Airstrike                Air            #.........   100%        4    #####..
 Animate Dead             Necr           N/A          100%        4    #####..
 Cause Fear               Hex            #.........   100%        4    #####..
 Force Lance              Conj/Tloc      #.......     100%        4    #####..
 Fulminant Prism          Conj/Hex       #.........   100%        4    #####..
 Ice Form                 Ice/Tmut       #.......     100%        4    #####..
 Iskenderun's Mystic Bla  Conj           #.......     100%        4    #####..
 Leda's Liquefaction      Hex/Erth       #.........   100%        4    #####..
 Olgreb's Toxic Radiance  Pois           #.......     100%        4    #####..
 Petrify                  Tmut/Erth      #.......     100%        4    #####..
 Sticky Flame             Conj/Fire      #.......     100%        4    #####..
 Summon Ice Beast         Ice/Summ       #.......     100%        4    #####..
 Summon Lightning Spire   Summ/Air       #.......     100%        4    #####..
 Throw Icicle             Conj/Ice       #.......     100%        4    #####..
 Agony                    Necr           #.......     100%        5    ######.
 Alistair's Intoxication  Tmut/Pois      #.......     100%        5    ######.
 Bolt of Draining         Conj/Necr      #.........   100%        5    ######.
 Bolt of Magma            Conj/Fire/Erth #.........   100%        5    ######.
 Borgnjor's Vile Clutch   Necr/Erth      #.........   100%        5    ######.
 Dispel Undead            Necr           #.......     100%        5    ######.
 Excruciating Wounds      Chrm/Necr      #.........   100%        5    ######.
 Fireball                 Conj/Fire      #.........   100%        5    ######.
 Irradiate                Conj/Tmut      #.........   100%        5    ######.
 Iskenderun's Battlesphe  Conj/Chrm      #.......     100%        5    ######.
 Lightning Bolt           Conj/Air       #.........   100%        5    ######.
 Metabolic Englaciation   Hex/Ice        #.........   100%        5    ######.
 Silence                  Hex/Air        #.........   100%        5    ######.
 Summon Demon             Summ           #.........   100%        5    ######.
 Summon Mana Viper        Hex/Summ       #.......     100%        5    ######.
 Venom Bolt               Conj/Pois      #.........   100%        5    ######.
 Yara's Violent Unravell  Hex/Tmut       #.........   100%        5    ######.
 Bolt of Cold             Conj/Ice       #.........   100%        6    #######
 Bolt of Fire             Conj/Fire      #.........   100%        6    #######
 Darkness                 Hex            #.........   100%        6    #######
 Death Channel            Necr           #.........   100%        6    #######
 Deflect Missiles         Chrm/Air       #.........   100%        6    #######
 Dispersal                Tloc           #.........   100%        6    #######
 Freezing Cloud           Conj/Ice/Air   #.........   100%        6    #######
 Hydra Form               Tmut           #.........   100%        6    #######
 Invisibility             Hex            #.......     100%        6    #######
 Iron Shot                Conj/Erth      #.........   100%        6    #######
 Ozocubu's Refrigeration  Ice            #.........   100%        6    #######
 Poison Arrow             Conj/Pois      #.........   100%        6    #######
 Shadow Creatures         Summ           N/A          100%        6    #######
 Simulacrum               Ice/Necr       #.........   100%        6    #######
 Statue Form              Tmut/Erth      #........    100%        6    #######
 Dragon Form              Tmut           #.........   100%        7    #######
 Orb of Destruction       Conj           #.........   100%        7    #######
 Ring of Flames           Chrm/Fire      #.........   100%        7    #######
 Spellforged Servitor     Conj/Summ      #.........   100%        7    #######
 Summon Hydra             Summ           #.........   100%        7    #######
 Chain Lightning          Conj/Air       #.........   100%        8    #######
 Controlled Blink         Tloc           N/A          100%        8    #######
 Discord                  Hex            #.........   100%        8    #######
 Disjunction              Tloc           #.........   100%        8    #######
 Ignition                 Fire           #.........   100%        8    #######
 Lehudib's Crystal Spear  Conj/Erth      #.........   100%        8    #######
 Dragon's Call            Summ           #.........   100%        9    #######
 Fire Storm               Conj/Fire      #.........   100%        9    #######
 Glaciate                 Conj/Ice       #.........   100%        9    #######
 Shatter                  Erth           #.........   100%        9    #######
 Tornado                  Air            #.........   100%        9    #######


Dungeon Overview and Level Annotations

Branches:
Dungeon (1/1)

Altars:
Ashenzari
Cheibriados
Dithmenos
Elyvilon
Fedhas
Gozag
Hepliaklqana
Kikubaaqudgha
Makhleb
Nemelex Xobeh
Okawaru
Qazlal
Ru
Sif Muna
Trog
Uskayaw
Vehumet
Wu Jian
Xom
Yredelemnul
Zin
The Shining One
Beogh
Jiyva
Lugonu


Innate Abilities, Weirdness & Mutations

You reflexively headbutt those who attack you in melee.
You have a pair of horns on your head.


Message History

Found an uncursed staff of earth, a book of Changes and a dagger.
You see here a dagger.
You see here a +2 cloak of magic resistance.
You swap places.
You see here an uncursed staff of energy.
There is a transporter here.
An exit appears before you!
You enter the transporter and appear at another place.
Found the Orb of Zot.
Found a staircase leading out of the dungeon.
Unknown command.
You swap places.
You see here the Orb of Zot.
You pick up the Orb of Zot!
The Orb lets out a hideous shriek!
The lords of Pandemonium are not amused.
Beware!
Now all you have to do is get back out of the dungeon!
Unknown command.
There is a staircase leading out of the dungeon here.
You can't go down here!
You have escaped!

............▓.............▓...8©8
............▓..▓.......▓..▓..)||}
............▓.............▓..:[}[
............▓.............▓......
.......)[[..▓......©......▓...†..
......)).)..▓▓▓▓▓▓▓▓▓▓▓▓▓▓▓......
.......)....▓8888888888888▓....=.
▓.......▓...▓8....3......8▓..▓††.
............▓8..@33...©..8▓.▓.†.†
............▓8...........8▓....©.
....©.......▓8888888888888▓▓▓▓▓▓▓
▓▓▓▓▓▓▓▓▓▓▓▓▓▓▓▓▓▓▓▓▓▓▓▓▓▓▓▓▓▓▓▓▓
.....8©8........▓........8©8.....
)}=[|}[:.|:)))).▓.|)}=|:[)[||=).|
}:)||.|).::}[}|.▓..})).[[))))|)[|
[|}?[[?))=}|=|:.▓."|)).[[):|[=)}|
................▓.......[)")[....


You could see a friendly sixfirhy and 2 friendly smoke demons.

Vanquished Creatures
  2 ancient liches (D)
  A greater mummy (D)
  A caustic shrike (shapeshifter) (D)
  A golden dragon (shapeshifter) (D)
  3 liches (D)
  An iron giant (shapeshifter) (D)
  2 deep elf blademasters (D)
  6 deep elf master archers (D)
  4 acid blobs (D)
  A shadow dragon (D)
  A shadow dragon (shapeshifter) (D)
  2 storm dragons (shapeshifter) (D)
  2 nagarajas (D)
  3 draconian monks (D)
  3 azure jellies (D)
  An iron dragon (shapeshifter) (D)
  A draconian knight (D)
  A deep elf sorcerer (D)
  A draconian scorcher (D)
  A reaper (D)
  2 draconian shifters (D)
  A balrug (D)
  5 ghouls (D)
  An orc warlord (D)
  7 spriggan defenders (D)
  2 draconian stormcallers (D)
  2 apis (D)
  2 draconian annihilators (D)
  2 stone giants (D)
  An entropy weaver (D)
  6 black draconians (D)
  7 green draconians (D)
  5 red draconians (D)
  5 vampire knights (D)
  2 yellow draconians (D)
  4 purple draconians (D)
  A dire elephant (D)
  3 deep elf annihilators (D)
  6 white draconians (D)
  2 merfolk javelineers (D)
  An ettin (shapeshifter) (D)
  2 merfolk impalers (D)
  4 death oozes (D)
  7 deep elf high priests (D)
  A yaktaur captain (D)
  A great orb of eyes (shapeshifter) (D)
  7 naga warriors (D)
  7 vault guards (D)
  An ice dragon (D)
  A merfolk aquamancer (D)
  6 spriggan air magi (D)
  5 anacondas (D)
  2 shambling mangroves (D)
  7 two-headed ogres (D)
  4 dancing weapons (D)
  An ogre mage (D)
  A satyr (D)
  3 hell hogs (D)
  An orc high priest (D)
  6 spriggan berserkers (D)
  3 vampire magi (D)
  A hell knight (D)
  A wretched star (D)
  8 skeletal warriors (D)
  A glowing orange brain (D)
  A flayed ghost (D)
  2 deep elf archers (D)
  A spriggan druid (D)
  A lindwurm (shapeshifter) (D)
  A phantasmal warrior (D)
  4 orc knights (D)
  2 harpies (shapeshifter) (D)
  6 necromancers (D)
  3 orc sorcerers (D)
  2 oklob plants (D)
  A cyclops (shapeshifter) (D)
  2 wolf spiders (D)
  6 deep elf magi (D)
  2 shining eyes (D)
  3 cyclopes (D)
  A manticore (shapeshifter) (D)
  An elephant (shapeshifter) (D)
  12 naga magi (D)
  8 black mambas (D)
  9 guardian serpents (D)
  A merfolk siren (D)
  4 eyes of devastation (D)
  A water nymph (D)
  3 hellions (D)
  4 yaktaurs (D)
  2 demonic crawlers (D)
  4 dryads (D)
  5 tormentors (D)
  3 guardian mummies (D)
  2 red devils (D)
  2 trolls (D)
  A troll (shapeshifter) (D)
  6 merfolk (D)
  A jumping spider (D)
  4 hornets (D)
  A snapping turtle (D)
  8 slime creatures (D)
  4 hippogriffs (D)
  A flying skull (D)
  8 shadows (D)
  2 redbacks (D)
  2 spriggans (D)
  3 vampires (D)
  10 wraiths (D)
  A redback (shapeshifter) (D)
  2 ushabtiu (D)
  A spriggan (shapeshifter) (D)
  A tarantella (shapeshifter) (D)
  A tarantella (D)
  2 water elementals (D)
  2 wyverns (shapeshifter) (D)
  2 yaks (D)
  A golden eye (D)
  A warg (D)
  2 nagas (D)
  A small abomination (D)
  A swamp worm (shapeshifter) (D)
  2 hell hounds (D)
  12 water moccasins (D)
  3 orc warriors (D)
  An ice beast (D)
  3 eyes of draining (D)
  3 necrophages (D)
  An ogre (D)
  3 wolves (D)
  4 centaurs (D)
  3 earth elementals (D)
  2 scorpions (D)
  7 wights (D)
  2 crimson imps (D)
  2 quasits (D)
  4 jellies (D)
  An iron imp (D)
  An orc wizard (D)
  7 mummies (D)
  3 adders (D)
  2 oozes (D)
  3 adder skeletons (D)
  4 adder zombies (D)
  A leopard gecko (shapeshifter) (D)
  4 bat skeletons (D)
  3 bat zombies (D)
  2 ball pythons (D)
  A ball python skeleton (D)
  4 ball python zombies (D)
  4 giant cockroach zombies (D)
  A jackal zombie (D)
  2 leopard gecko skeletons (D)
  2 leopard gecko zombies (D)
  A quokka zombie (D)
  A crawling corpse (D)
453 creatures vanquished.

Vanquished Creatures (collateral kills)
  A nagaraja (D)
  A stone giant (D)
  A reaper (D)
  A green draconian (D)
  A death ooze (D)
  3 vault guards (D)
  2 spriggan air magi (D)
  An anaconda (shapeshifter) (D)
  A dancing weapon (D)
  A deep elf archer (D)
  2 necromancers (D)
  A shining eye (D)
  A cyclops (D)
  A naga mage (D)
  A yaktaur (D)
  3 merfolk (D)
  2 guardian mummies (D)
  A jumping spider (D)
  A wind drake (D)
  2 slime creatures (D)
  A hornet (D)
  3 hippogriffs (D)
  A spriggan (D)
  2 flying skulls (D)
  A shadow (D)
  A yak (shapeshifter) (D)
  A naga (D)
  An orc warrior (D)
  An ice beast (D)
  2 scorpions (D)
  4 wights (D)
  A mummy (D)
  2 white imps (D)
  An adder skeleton (D)
  4 bat skeletons (D)
  A bat zombie (D)
  A bat simulacrum (D)
  2 giant cockroach zombies (D)
  A jackal skeleton (D)
  A leopard gecko skeleton (D)
  A quokka zombie (D)
61 creatures vanquished.

Vanquished Creatures (others)
  2 draconian monks (D)
  A draconian stormcaller (D)
  A red draconian (D)
  A vault guard (D)
  A hell hog (D)
  A deep elf archer (D)
  A hornet (D)
  A ball python (D)
  A bat skeleton (D)
  A bat zombie (D)
  A crawling corpse (D)
12 creatures vanquished.

Grand Total: 526 creatures vanquished

Notes
Turn   | Place    | Note
-------+----------+-------------------------------------------
     0 | D        | Found the +6 Majin-Bo {vamp, Archmagi MP+6 Int+6}
     0 | D        | Found the +7 great mace "Firestarter" {inner flame, rF++}
     0 | D        | dvd the Minotaur Fighter began the quest for the Orb.
     0 | D        | Reached XP level 1. HP: 19/19 MP: 0/0
    13 | D        | Found a blossoming altar of Fedhas.
    25 | D        | Found a viscous altar of Jiyva.
    25 | D        | Found a hazy altar of Hepliaklqana.
    25 | D        | Found a transporter.
    25 | D        | Found an opulent altar of Gozag.
    25 | D        | Found an ancient bone altar of Kikubaaqudgha.
    25 | D        | Found a corrupted altar of Lugonu.
    29 | D        | Found a deep blue altar of Sif Muna.
    29 | D        | Found a sacrificial altar of Ru.
    29 | D        | Found a bloodstained altar of Trog.
    29 | D        | Found a stormy altar of Qazlal.
    29 | D        | Found an iron altar of Okawaru.
    29 | D        | Found a sparkling altar of Nemelex Xobeh.
    31 | D        | Found a burning altar of Makhleb.
    46 | D        | Found the +9 heavy crossbow "Sniper" {velocity, Acc+∞ SInv}
    46 | D        | Found the +10 dark maul {crush}
    46 | D        | Found the +15 Maxwell's patent armour {-Cast -Tele rElec
                  | MR+ rCorr}
    46 | D        | Found the +18 shield of the Gong {rElec rN+ MR+ EV-5}
    46 | D        | Found the cursed +14 obsidian axe {chop, +Fly SInv *Curse}
    52 | D        | Found the +6 shillelagh "Devastator" {shatter}
    52 | D        | Found the +11 plutonium sword {*Contam Stlth-}
    52 | D        | Found the +8 lance "Wyrmbane" {slay drac, rPois rF+ rC+
                  | AC+3}
    52 | D        | Found the +9 sword of Zonguldrok {reap}
    52 | D        | Found the cursed +13 scythe of Curses {drain, *Curse}
    52 | D        | Found the +0 sword of Power
    52 | D        | Found the +7 mace of Variability {chain chaos}
    52 | D        | Found the +7 Singing Sword {slice, sonic wave}
    52 | D        | Found the +7 longbow "Piercer" {penet, EV-2}
    58 | D        | Became a worshipper of Makhleb the Destroyer
    73 | D        | Reached skill level 5 in Fighting
    73 | D        | Reached skill level 5 in Armour
    73 | D        | Reached skill level 5 in Shields
    73 | D        | Reached XP level 2. HP: 29/29 MP: 1/1
    92 | D        | Entered arena 2.
    92 | D        | Found a transporter.
    94 | D        | Reached XP level 3. HP: 37/37 MP: 2/2
   105 | D        | Entered arena 3.
   105 | D        | Noticed a spriggan
   105 | D        | Noticed a wolf
   105 | D        | Noticed a wolf
   105 | D        | Found a transporter.
   107 | D        | Killed a wolf
   107 | D        | Reached * piety under Makhleb
   107 | D        | Reached skill level 5 in Axes
   107 | D        | Reached XP level 4. HP: 47/47 MP: 3/3
   107 | D        | Killed a wolf
   107 | D        | Reached XP level 5. HP: 53/53 MP: 4/4
   108 | D        | Killed a spriggan
   108 | D        | Reached XP level 6. HP: 63/63 MP: 5/5
   139 | D        | Entered arena 4.
   139 | D        | Noticed an ice beast
   139 | D        | Noticed an ice beast
   139 | D        | Found a transporter.
   140 | D        | Reached ** piety under Makhleb
   143 | D        | Killed an ice beast
   147 | D        | Killed an ice beast
   147 | D        | Reached skill level 10 in Fighting
   147 | D        | Reached skill level 10 in Armour
   147 | D        | Reached skill level 10 in Shields
   147 | D        | Reached XP level 7. HP: 72/72 MP: 6/6
   153 | D        | Got a polished crystal plate armour
   164 | D        | Identified the +1 crystal plate armour "Sebiguq" {MR+ Str+2
                  | Int+2} (You acquired it in the Dungeon)
   175 | D        | Got the Handbook of the Ghastly Entourage
   180 | D        | Entered arena 5.
   180 | D        | Found a transporter.
   182 | D        | Reached *** piety under Makhleb
   244 | D        | Entered arena 6.
   244 | D        | Noticed a yaktaur
   244 | D        | Noticed a yaktaur
   244 | D        | Found a transporter.
   248 | D        | Reached **** piety under Makhleb
   248 | D        | Killed a yaktaur
   248 | D        | Reached XP level 8. HP: 82/82 MP: 7/7
   251 | D        | Killed a yaktaur
   251 | D        | Reached skill level 10 in Axes
   254 | D        | Reached ***** piety under Makhleb
   271 | D        | Entered arena 7.
   272 | D        | Found a transporter.
   290 | D        | Entered arena 8.
   290 | D        | Noticed a hippogriff
   290 | D        | Noticed a hippogriff
   290 | D        | Noticed a merfolk
   290 | D        | Noticed a hippogriff
   290 | D        | Noticed a hippogriff
   290 | D        | Noticed a merfolk
   291 | D        | Found a transporter.
   295 | D        | Killed a hippogriff
   295 | D        | Killed a hippogriff
   296 | D        | Killed a merfolk
   296 | D        | Reached XP level 9. HP: 91/91 MP: 8/8
   296 | D        | Reached ****** piety under Makhleb
   297 | D        | Killed a merfolk
   305 | D        | Got the -3 pair of boots "Tuxtu" {Str+4 Dex+2 Slay+6}
   329 | D        | Entered arena 9.
   329 | D        | Noticed a merfolk
   329 | D        | Noticed a merfolk
   329 | D        | Noticed a merfolk
   329 | D        | Noticed a merfolk
   330 | D        | Found a transporter.
   332 | D        | Noticed a sixfirhy
   336 | D        | Killed a merfolk
   336 | D        | Killed a merfolk
   337 | D        | Killed a merfolk
   342 | D        | Killed a merfolk
   365 | D        | Entered arena 10.
   365 | D        | Noticed a green draconian
   365 | D        | Noticed a wretched star
   366 | D        | Found a transporter.
   369 | D        | Killed a green draconian
   369 | D        | Reached skill level 15 in Axes
   369 | D        | Reached XP level 10. HP: 95/101 MP: 7/7
   371 | D        | Killed a wretched star
   553 | D        | Entered arena 11.
   553 | D        | Noticed an eye of devastation
   553 | D        | Noticed a shining eye
   553 | D        | Noticed an eye of devastation
   553 | D        | Noticed a shining eye
   554 | D        | Found a transporter.
   557 | D        | Killed a shining eye
   559 | D        | Killed an eye of devastation
   559 | D        | Reached skill level 15 in Shields
   560 | D        | Killed a shining eye
   561 | D        | Reached skill level 1 in Stealth
   566 | D        | Killed an eye of devastation
   640 | D        | Entered arena 12.
   640 | D        | Noticed a skeletal warrior
   640 | D        | Noticed a skeletal warrior
   642 | D        | Found a transporter.
   648 | D        | Noticed a smoke demon
   649 | D        | Killed a skeletal warrior
   649 | D        | Reached XP level 11. HP: 19/111 MP: 10/10
   649 | D        | Killed a skeletal warrior
   659 | D        | Got the +3 pair of gloves of Shielding {Str+2}
   669 | D        | Got Sif Muna's Disquisition on Displaced Shape Shifting
   972 | D        | Entered arena 13.
   972 | D        | Noticed a wolf spider
   975 | D        | Noticed an entropy weaver
   978 | D        | Killed a wolf spider
   981 | D        | Reached skill level 15 in Fighting
   982 | D        | Found a transporter.
   985 | D        | Killed an entropy weaver
  1013 | D        | Got the Compendium of Vlad
  1021 | D        | Entered arena 14.
  1022 | D        | Noticed a two-headed ogre
  1022 | D        | Noticed a two-headed ogre
  1022 | D        | Noticed a two-headed ogre
  1022 | D        | Noticed a two-headed ogre
  1022 | D        | Noticed a two-headed ogre
  1022 | D        | Noticed a stone giant
  1022 | D        | Noticed a two-headed ogre
  1032 | D        | Killed a two-headed ogre
  1034 | D        | Killed a two-headed ogre
  1036 | D        | Killed a two-headed ogre
  1037 | D        | Noticed a two-headed ogre
  1040 | D        | Killed a two-headed ogre
  1042 | D        | Killed a two-headed ogre
  1042 | D        | Killed a two-headed ogre
  1042 | D        | Reached XP level 12. HP: 123/123 MP: 11/11
  1043 | D        | Killed a two-headed ogre
  1052 | D        | Killed a stone giant
  1063 | D        | Found a transporter.
  1091 | D        | Entered arena 15.
  1091 | D        | Noticed a spriggan defender
  1091 | D        | Noticed a spriggan air mage
  1091 | D        | Noticed a satyr
  1092 | D        | Noticed a spriggan defender
  1092 | D        | Noticed an apis
  1092 | D        | Noticed a spriggan air mage
  1095 | D        | Killed a spriggan air mage
  1097 | D        | Killed a spriggan defender
  1097 | D        | Killed a spriggan air mage
  1103 | D        | Killed an apis
  1107 | D        | Killed a spriggan defender
  1108 | D        | Found a transporter.
  1129 | D        | Got Spellcraft, Part Six
  1138 | D        | Got the Volume of the Poisonous Glacier
  1143 | D        | Entered arena 16.
  1144 | D        | Noticed a merfolk javelineer
  1144 | D        | Noticed a merfolk impaler
  1144 | D        | Noticed a merfolk javelineer
  1144 | D        | Noticed a merfolk impaler
  1145 | D        | Identified the ring "Hukleif" {Str+2 Int+3 Dex+5}
  1145 | D        | Noticed a merfolk aquamancer
  1150 | D        | Killed a merfolk aquamancer
  1150 | D        | Reached skill level 1 in Invocations
  1156 | D        | Killed a merfolk impaler
  1156 | D        | Killed a merfolk javelineer
  1158 | D        | Reached skill level 15 in Armour
  1158 | D        | Reached XP level 13. HP: 134/134 MP: 11/14
  1163 | D        | Killed a merfolk javelineer
  1166 | D        | Killed a merfolk impaler
  1206 | D        | Got the ring "Beuph" {Fire rElec rPois Int-2 Dex+7}
  1254 | D        | Entered arena 17.
  1260 | D        | Reached skill level 5 in Invocations
  1269 | D        | Found a transporter.
  1281 | D        | Got the ring "Kycist" {MR+ MP+9}
  1284 | D        | Got the +6 chain mail of Fedhas's Wrath {Regen+ rCorr Str+3
                  | Dex-4}
  1358 | D        | Entered arena 18.
  1365 | D        | Noticed an orc warlord
  1366 | D        | Identified the +5 short sword of the Old World {freeze,
                  | *Contam MR+ Dex+6}
  1366 | D        | Identified the ring "Uphisi" {Fire Str+5}
  1368 | D        | Identified the +8 mace of Strategic Superiority {crush,
                  | +Blink MR- Str+8}
  1372 | D        | Found a transporter.
  1375 | D        | Reached skill level 5 in Throwing
  1380 | D        | Killed an orc warlord
  1438 | D        | Got the amulet of Scepticism {Faith rF+ rN+ MR+ Dex+4}
  1453 | D        | Entered arena 19.
  1461 | D        | Noticed a greater mummy
  1464 | D        | Noticed a greater mummy
  1466 | D        | Found a transporter.
  1479 | D        | Killed a greater mummy
  1506 | D        | Got the ring of Greed {MR+ EV+4}
  1547 | D        | Entered arena 20.
  1556 | D        | Noticed a stone giant
  1556 | D        | Noticed a shadow dragon
  1556 | D        | Noticed a lich
  1558 | D        | Noticed a stone giant
  1558 | D        | Noticed a stone giant
  1560 | D        | Found a transporter.
  1560 | D        | Noticed a lich
  1563 | D        | Reached XP level 14. HP: 106/146 MP: 19/19
  1566 | D        | Killed a stone giant
  1568 | D        | Killed a lich
  1568 | D        | Reached skill level 10 in Invocations
  1568 | D        | Killed a shadow dragon
  1572 | D        | Killed a lich
  1573 | D        | Reached skill level 5 in Stealth
  1573 | D        | Killed a stone giant
  1575 | D        | Reached skill level 10 in Throwing
  1641 | D        | Got the +7 buckler "Joudaane" {-Tele rF+ MR+ Int+9}
  1653 | D        | Entered arena 21.
  1657 | D        | Noticed a shard shrike
  1657 | D        | Noticed a glowing shapeshifter
  1657 | D        | Noticed a glowing shapeshifter
  1658 | D        | a glowing shapeshifter changed into a slime creature
  1659 | D        | a glowing shapeshifter changed into a quokka
  1660 | D        | Noticed a shard shrike
  1662 | D        | Noticed a juggernaut
  1662 | D        | Noticed a ghost moth
  1662 | D        | Noticed a juggernaut
  1662 | D        | a shard shrike changed into a juggernaut
  1662 | D        | Noticed an iron dragon
  1663 | D        | Found the +6 lightning scales {run, rElec}
  1663 | D        | Noticed a shadow dragon
  1663 | D        | a juggernaut changed into a shadow dragon
  1663 | D        | Noticed a golden dragon
  1664 | D        | Noticed a golden dragon
  1664 | D        | a juggernaut changed into a golden dragon
  1664 | D        | Noticed a juggernaut
  1664 | D        | a shard shrike changed into a juggernaut
  1665 | D        | Noticed an entropy weaver
  1665 | D        | a spark wasp changed into an entropy weaver
  1665 | D        | Noticed an iron dragon
  1665 | D        | a juggernaut changed into an iron dragon
  1666 | D        | Noticed an iron dragon
  1666 | D        | a golden dragon changed into an iron dragon
  1666 | D        | Noticed an entropy weaver
  1666 | D        | a ghost moth changed into an entropy weaver
  1666 | D        | Noticed a shadow dragon
  1666 | D        | an iron dragon changed into a shadow dragon
  1667 | D        | an entropy weaver changed into a tyrant leech
  1667 | D        | Noticed a caustic shrike
  1667 | D        | a shadow dragon changed into a caustic shrike
  1667 | D        | Noticed an acid blob
  1667 | D        | a golden dragon changed into an acid blob
  1667 | D        | Noticed an iron dragon
  1667 | D        | an acid blob changed into an iron dragon
  1668 | D        | Noticed a caustic shrike
  1668 | D        | an iron dragon changed into a caustic shrike
  1668 | D        | a shadow dragon changed into an alligator snapping turtle
  1669 | D        | Noticed a shadow dragon
  1669 | D        | a caustic shrike changed into a shadow dragon
  1669 | D        | Noticed a storm dragon
  1669 | D        | an entropy weaver changed into a storm dragon
  1669 | D        | Noticed a fire giant
  1669 | D        | an alligator snapping turtle changed into a fire giant
  1671 | D        | Killed an iron dragon
  1671 | D        | Noticed a caustic shrike
  1671 | D        | a shadow dragon changed into a caustic shrike
  1671 | D        | Noticed an iron dragon
  1671 | D        | a caustic shrike changed into an iron dragon
  1675 | D        | Killed a storm dragon
  1675 | D        | Noticed a storm dragon
  1675 | D        | a queen ant changed into a storm dragon
  1675 | D        | Noticed an iron giant
  1675 | D        | an iron dragon changed into an iron giant
  1675 | D        | Noticed a shadow dragon
  1675 | D        | a fire giant changed into a shadow dragon
  1677 | D        | Noticed a golden dragon
  1677 | D        | an iron dragon changed into a golden dragon
  1679 | D        | Killed a caustic shrike
  1680 | D        | Killed a golden dragon
  1680 | D        | Reached XP level 15. HP: 160/160 MP: 3/23
  1680 | D        | Killed a shadow dragon
  1683 | D        | Killed a storm dragon
  1685 | D        | Killed an iron giant
  1691 | D        | Found a transporter.
  1719 | D        | Got the ring "Dor Luoh" {rPois rC+ Str+3 SInv}
  1736 | D        | Got the ring "Reskog" {rPois rC+++ MP-9 Dex+6 Stlth-}
  1749 | D        | Got Ynaohas's Papyrus of Good Luck and Black Arts
  1779 | D        | Entered arena 22.
  1784 | D        | Identified the +8 quarterstaff of the Penguin {flame,
                  | Dex+2}
  1787 | D        | Identified the ring "Yppugioq" {rElec rF+ MR- EV+2 Dex+4}
  1795 | D        | Reached skill level 27 in Axes
  1817 | D        | Found a transporter.
  1851 | D        | Got Bugee's Guide on the Enthralling Birds
  1872 | D        | Entered arena 23.
  1881 | D        | Noticed an acid blob
  1881 | D        | Noticed an acid blob
  1885 | D        | Noticed an azure jelly
  1885 | D        | Noticed an acid blob
  1885 | D        | Noticed an azure jelly
  1886 | D        | Found the +3 hat of Pondering {ponderous, MR+ MP+10 Int+5}
  1886 | D        | Noticed an azure jelly
  1887 | D        | Reached skill level 5 in Dodging
  1889 | D        | Killed an acid blob
  1889 | D        | Noticed an acid blob
  1890 | D        | Killed an acid blob
  1892 | D        | Reached skill level 15 in Invocations
  1897 | D        | Killed an azure jelly
  1900 | D        | Killed an azure jelly
  1900 | D        | Reached skill level 15 in Throwing
  1900 | D        | Reached XP level 16. HP: 176/177 MP: 1/26
  1904 | D        | Killed an acid blob
  1904 | D        | Reached skill level 10 in Dodging
  1904 | D        | Killed an acid blob
  1914 | D        | Found a transporter.
  1969 | D        | Got the ring of Liberty {rCorr Int+2 Dex+4}
  1974 | D        | Got the ring "Diang" {Wiz +Inv Int+2}
  1977 | D        | Got the amulet "Baikh" {rPois Regen+ Stlth+}
  1997 | D        | Entered arena 24.
  2004 | D        | Noticed a deep elf master archer
  2004 | D        | Noticed a deep elf blademaster
  2004 | D        | Noticed a deep elf master archer
  2004 | D        | Noticed a deep elf master archer
  2005 | D        | Found the +4 moon troll leather armour {Spirit, Regen++
                  | MP+5}
  2005 | D        | Noticed a deep elf blademaster
  2008 | D        | Noticed a deep elf master archer
  2008 | D        | Noticed a deep elf master archer
  2009 | D        | Killed a deep elf blademaster
  2010 | D        | Noticed a deep elf master archer
  2016 | D        | Killed a deep elf blademaster
  2017 | D        | Reached skill level 27 in Shields
  2022 | D        | Killed a deep elf master archer
  2024 | D        | Found the -2 hat of the Alchemist {rElec rPois rF+ rC+ rN+
                  | MR+ rMut rCorr}
  2027 | D        | Killed a deep elf master archer
  2027 | D        | Killed a deep elf master archer
  2027 | D        | Reached skill level 15 in Dodging
  2029 | D        | Killed a deep elf master archer
  2030 | D        | Killed a deep elf master archer
  2031 | D        | Reached skill level 27 in Fighting
  2034 | D        | Killed a deep elf master archer
  2055 | D        | Found a transporter.
  2108 | D        | Got the Tome of Changing
  2120 | D        | Entered arena 25.
  2129 | D        | Identified the amulet of the Present {Acrobat rElec SInv}
  2130 | D        | Identified the +2 spear "Xorenex" {holy, +Rage +Inv}
  2130 | D        | Identified the ring of Walec {rN+ Str+2 SInv}
  2131 | D        | Noticed a black draconian monk
  2136 | D        | Found a transporter.
  2139 | D        | Reached XP level 17. HP: 191/191 MP: 27/28
  2143 | D        | Reached skill level 10 in Stealth
  2163 | D        | Reached skill level 15 in Stealth
  2289 | D        | Entered arena 26.
  2303 | D        | Identified the +12 spear "Nuileqaj" {holy, rElec rF+ rN+}
  2325 | D        | Found a transporter.
  2330 | D        | Reached XP level 18. HP: 200/200 MP: 29/29
  2340 | D        | Entered arena 27.
  2351 | D        | Found the +8 arc blade {discharge, rElec}
  2376 | D        | Found a transporter.
  2422 | D        | Got the Grimoire of Poisoning and the Rocks
  2430 | D        | Entered arena 28.
  2431 | D        | Identified the cursed +2 dagger of Reason {pain, rN+ Int+8
                  | Dex-3 Stlth+}
  2431 | D        | Identified the ring of Balance {Wiz +Blink rPois Int+5
                  | Dex-3}
  2443 | D        | Noticed an ancient lich
  2447 | D        | Noticed an ancient lich
  2447 | D        | Identified the +6 plate armour of Gluttony {rF+ Str+2
                  | Dex+6}
  2447 | D        | Identified the ring of Jealousy {Str+5 Int+2 Dex+4}
  2449 | D        | Identified the +8 chain mail "Kifeobb" {Str+6 Int+4 Dex-4}
  2453 | D        | Identified the ring of Ru's Regard {rF++ rC+ EV+4}
  2454 | D        | Noticed a lich
  2454 | D        | Identified the +7 hand axe "Nejeag" {pain, +Inv rElec
                  | Int-4}
  2456 | D        | Identified the cursed +1 scimitar of Arrival {vamp, -Tele
                  | rPois Int+3}
  2458 | D        | Identified the amulet of Dyerioba {Faith MP+9 SInv}
  2460 | D        | Killed an ancient lich
  2462 | D        | Killed an ancient lich
  2462 | D        | Identified the +7 long sword "Caigues" {elec, rPois Dex+9}
  2462 | D        | Identified the +1 robe of the Mutiny {+Inv Str-4 Int+2
                  | Dex+7}
  2462 | D        | Identified the ring of Boaj {MP+9 Str+4}
  2471 | D        | Killed a lich
  2497 | D        | Found a transporter.
  2511 | D        | Got the Orb of Zot
  2516 | D        | Escaped with the Orb!

Skill      XL: |  1  2  3  4  5  6  7  8  9 10 11 12 13 14 15 16 17 18 |
---------------+-------------------------------------------------------+-----
Fighting       | 5 7 8 9 10 11 12 13 14 16 18 19 21 24 27 | 27.0
Axes           | 4 5 6 7 9 12 15 18 20 22 23 26 27 | 27.0
Throwing       | 2 7 11 15 18 20 22 | 22.5
Armour         | 5 6 7 8 9 10 11 12 14 15 16 17 21 23 25 | 25.8
Dodging        | 3 4 9 17 20 22 | 22.4
Shields        | 5 7 8 9 10 11 12 14 16 17 20 22 24 26 27 | 27.0
Stealth        | 1 2 4 5 7 8 19 24 | 24.3
Invocations    | 3 9 12 15 16 | 16.2
Evocations     | |  0.2

Action                   |  1- 3 |  4- 6 |  7- 9 | 10-12 | 13-15 | 16-18 || total
-------------------------+-------+-------+-------+-------+-------+-------++-------
Melee: Broad axe         |     2 |     7 |    24 |    86 |   154 |   188 ||   461
       Headbutt          |     1 |       |     2 |    23 |    61 |    54 ||   141
Throw: Javelin           |       |       |       |       |    15 |     2 ||    17
Invok: Lesser Servant of |       |       |       |       |     3 |       ||     3
       Major Destruction |       |       |       |       |       |     1 ||     1
Evoke: Wand              |       |       |       |     1 |       |       ||     1
  Use: Potion            |     1 |       |       |       |     4 |    14 ||    19
       Scroll            |       |     1 |     1 |       |     4 |       ||     6
 Stab: Distracted        |       |       |       |     1 |     4 |     4 ||     9
       Confused          |       |       |       |       |     1 |       ||     1
       Petrifying        |       |       |       |       |     3 |       ||     3
       Invisible         |       |       |       |       |       |    82 ||    82
       Paralysed         |       |       |       |       |       |     1 ||     1
  Eat: Chunk             |       |       |       |     1 |     2 |     3 ||     6
Armor: Gold dragon scale |     1 |     1 |       |       |    40 |       ||    42
       Plate armour      |       |       |    24 |    30 |    51 |    29 ||   134
Dodge: Dodged            |       |     2 |     2 |     8 |    42 |    91 ||   145
Block: Large shield      |     1 |     2 |       |       |       |       ||     3
       Shield            |       |     8 |    57 |   131 |   319 |   279 ||   794
